 Dungeon Crawl Stone Soup version 0.31-a0-7-g51783674b7 (webtiles) character file.

Game seed: 10839969028833150604

1600 Zonian the Ducker (level 9, -7/55 HPs)
             Began as a Djinni Hedge Wizard on May 6, 2023.
             Mangled by a shadow (32 damage)
             ... on level 7 of the Dungeon.
             The game lasted 00:17:58 (10953 turns).

Zonian the Ducker (Djinni Hedge Wizard)            Turns: 10953, Time: 00:17:59

Health: -7/55      AC:  8    Str:  9    XL:     9   Next: 15%
Gold:   227        EV: 14    Int: 20    God:
                   SH:  0    Dex: 13

rFire   + + .        h - +3 dagger (venom)
rCold   x . .        (no shield)
rNeg    . . .        b - +0 robe
rPois   ∞            c - +0 hat
rElec   .            l - +1 cloak
rCorr   .            (no gloves)
SInv    .            (boots unavailable)
Will    .....        (no amulet)
Stlth   +++          v - +4 ring of protection
HPRegen 0.29/turn    (no ring)
MPRegen 0.00/turn

%: infuse magic (-8 HP)
@: flying
A: sickness immunity, fire resistance 2, cold vulnerability 1, float, innate
caster, HP casting, extra vitality 1
a: no special abilities


You were on level 7 of the Dungeon.
You visited 2 branches of the dungeon, and saw 8 of its levels.

You collected 227 gold pieces.

Inventory:

Hand Weapons
 a - a +0 dagger
 h - a +3 dagger of venom (weapon)
 n - a +0 short sword
 q - a +1 hand axe of electrocution
Missiles
 m - 15 poisoned darts
 w - 4 boomerangs
Armour
 b - a +0 robe (worn)
 c - a +0 hat (worn)
 f - a +0 buckler
 l - a +1 cloak (worn)
Magical Staves
 u - a staff of poison
Jewellery
 k - a ring of ice
 t - a ring of positive energy
 v - a +4 ring of protection (left hand)
Wands
 r - a wand of mindburst (2)
Scrolls
 g - a scroll of magic mapping
 o - a scroll of enchant armour
Potions
 d - 4 potions of heal wounds
 e - 2 potions of brilliance
 i - a potion of flight
 j - a potion of mutation
 s - a potion of might
 x - a potion of curing {unknown}
 z - a potion of lignification


   Skills:
 + Level 2.8 Short Blades
 - Level 6.5 Dodging
 - Level 5.3 Stealth
 + Level 5.6 Spellcasting


You knew the following spells:

 Your Spells              Type           Power      Damage    Failure   Level
a - Magic Dart            Conj           100%       1d8       1%          1
b - Slow                  Hex            100%       N/A       1%          1
c - Blink                 Tloc           56%        N/A       1%          2
d - Call Imp              Summ           56%        N/A       1%          2
e - Mephitic Cloud        Conj/Pois/Air  28%        N/A       3%          3
f - Foxfire               Conj/Fire      100%       2x1d9     1%          1
g - Scorch                Fire           56%        2d7       1%          2
h - Lesser Beckoning      Tloc           56%        N/A       1%          2
i - Hailstorm             Conj/Ice       28%        3d8       3%          3
Your spell library was empty.

Dungeon Overview and Level Annotations

Branches:
Dungeon (7/15)             Temple (1/1) D:5

Altars:
Cheibriados
Dithmenos
Elyvilon
Fedhas
Gozag
Hepliaklqana
Makhleb
Nemelex Xobeh
Okawaru
Qazlal
Trog
Xom
Zin
The Shining One

Annotations:
D:2 Sigmund
D:4 2 transporters, cheesebisquit's ghost, amateur HOMo


Innate Abilities, Weirdness & Mutations

You are immune to sickness and miasma.
You are immune to poison.
Your flesh is very heat resistant. (rF++)
You are vulnerable to cold. (rC-)
You float through the air rather than walking.
You learn spells naturally, not from books.
Your magical power is your life essence.
You have superior vitality. (+4 MHP)


Message History

Found a dagger.
A shadow comes into view.
Unknown command.
You hit the shadow.
The shadow is lightly damaged.
The shadow hits you.
You hit the shadow but do no damage.
The shadow is lightly damaged.
The shadow barely misses you.
You barely miss the shadow.
The shadow is lightly damaged.
The shadow hits you.
You barely miss the shadow.
The shadow is lightly damaged.
The shadow closely misses you.
You hit the shadow but do no damage.
The shadow is lightly damaged.
The shadow hits you!
You hit the shadow but do no damage.
The shadow is lightly damaged.
The shadow hits you.
The shadow slips into darkness.
The shadow flickers and vanishes!
Deactivating autopickup; reactivate with Ctrl-A.
You closely miss something.
The shadow strikes at you from the darkness!
Reactivating autopickup.
You hit the shadow.
The shadow is lightly damaged.
The shadow misses you.
You hit the shadow.
The shadow is lightly damaged.
The shadow slips into darkness.
The shadow flickers and vanishes!
Deactivating autopickup; reactivate with Ctrl-A.
You hit something. You closely miss something.
The shadow strikes at you from the darkness!
Ouch! That really hurt!
You die...

##....#####.........
#........##.########
#......#....#
#.........####
#........##....##
..#).....#####..##
###......# ##..#
##############.#######
.......@{.........
.#########........
...#+#... #..## ..
#.### #. #. #.


There were no monsters in sight!

Vanquished Creatures
  Eustachio (D:6)
  A water moccasin (D:6)
  A sky beast (D:6)
  An ogre (D:6)
  2 bullfrogs (D:6)
  A gnoll sergeant (D:6)
  2 scorpions
  4 killer bees (D:6)
  3 hounds
  2 jellies (D:4)
  3 orc priests
  2 iguanas (D:5)
  2 orc wizards (D:4)
  A howler monkey zombie (D:7)
  8 gnolls (D:6)
  9 adders
  2 white imps
  An ufetubus (D:3)
  2 worms (D:4)
  3 dart slugs
  28 orcs
  7 endoplasms
  5 giant cockroaches
  9 goblins
  2 hobgoblins
  10 jackals
  6 quokkas
  11 ball pythons
  8 bats
  A frilled lizard (D:1)
  5 kobolds
  6 rats
149 creatures vanquished.

Vanquished Creatures (others)
  2 foxfires (D:6)
  18 plants
  A withered plant (D:7)
21 creatures vanquished.

Grand Total: 170 creatures vanquished

Notes
Turn   | Place    | Note
-------+----------+-------------------------------------------
     0 | D:1      | Zonian the Djinni Hedge Wizard began the quest for the Orb.
     0 | D:1      | Zonian set off with the following spells memorised: Magic
                  | Dart, Slow, Blink, Call Imp, Mephitic Cloud.
     0 | D:1      | Reached XP level 1. HP: 15/15 MP: 0/0
   386 | D:1      | Reached XP level 2. HP: 18/21 MP: 0/0
   594 | D:1      | HP: 1/21 [kobold/+2 dagger of venom (1)]
   746 | D:1      | Reached XP level 3. HP: 11/25 MP: 0/0
   746 | D:1      | Learned a level 1 spell: Foxfire
  1185 | D:1      | Reached skill level 3 in Dodging
  1890 | D:2      | Reached XP level 4. HP: 22/31 MP: 0/0
  1957 | D:2      | You are sucked into a shaft and drop 1 floor!
  2813 | D:2      | Noticed Sigmund
  3659 | D:3      | Reached XP level 5. HP: 23/35 MP: 0/0
  3659 | D:3      | Learned a level 2 spell: Scorch
  4847 | D:4      | Reached skill level 4 in Dodging
  4847 | D:4      | Reached XP level 6. HP: 14/40 MP: 0/0
  5269 | D:4      | Identified the +9 halberd "Icemad" {venom, Will++ Dex+4}
  5278 | D:4      | Found a transporter.
  5279 | D:4      | Noticed cheesebisquit's ghost (amateur HOMo)
  5317 | D:4      | Found a transporter.
  5963 | D:5      | Entered Level 5 of the Dungeon
  6050 | D:5      | Found a staircase to the Ecumenical Temple.
  6059 | Temple   | Entered the Ecumenical Temple
  6278 | D:5      | Reached XP level 7. HP: 45/45 MP: 0/0
  6278 | D:5      | Learned a level 2 spell: Lesser Beckoning
  7191 | D:5      | Reached skill level 5 in Dodging
  8233 | D:6      | Reached XP level 8. HP: 38/50 MP: 0/0
  9305 | D:6      | Reached skill level 6 in Dodging
  9309 | D:6      | Reached skill level 5 in Stealth
  9313 | D:6      | Noticed Eustachio
  9552 | D:6      | Reached skill level 5 in Spellcasting
  9557 | D:6      | Reached skill level 1 in Short Blades
  9810 | D:6      | Killed Eustachio
  9811 | D:6      | Reached XP level 9. HP: 52/55 MP: 0/0
  9811 | D:6      | Learned a level 3 spell: Hailstorm
 10953 | D:7      | Mangled by a shadow

Illustrated notes

Levels and vault maps discovered:
D:1:      kilobyte_arrival_exit_the_forest, layout_loops_cross,
          amcnicky_mini_corridor_feature
D:2:      layout_rooms, uniq_sigmund
D:3:      kennysheep_big_flooded_room, layout_basic, fiery_altar_vehumet,
          serial_forest, infiniplex_forest_straight_2,
          infiniplex_forest_clump_C, infiniplex_forest_straight_2,
          infiniplex_forest_split, infiniplex_forest_clump_curved,
          infiniplex_forest_clump_medium, infiniplex_forest_lined_4_way,
          infiniplex_forest_clump_double
D:4:      layout_basic, gammafunk_ghost_gnarly_gnolls, grunt_ministairs_4
D:5:      layout_gridville, minmay_temple_entry_large_hall,
          minmay_quadrilaterals
D:6:      layout_rooms, chequers_serial_rivers_micro_a,
          nicolae_underground_beach, uniq_eustachio
D:7:      layout_rooms, serial_undead, serial_undead_a, serial_undead_c,
          serial_undead_f, serial_undead_e, serial_undead_a, serial_undead_d,
          serial_undead_e, serial_shops, nicolae_shop_real_fake_doors,
          uniq_joseph
Temple:   minmay_temple_bridge_d

Skill      XL: |  1  2  3  4  5  6  7  8 |
---------------+-------------------------+-----
Stealth        | 2 3 4 5 |  5.3
Dodging        | 3 4 5 6 |  6.5
Spellcasting   | 3 4 5 |  5.6
Short Blades   | 2 |  2.8

Action                     |  1- 3 |  4- 6 |  7- 9 || total
---------------------------+-------+-------+-------++-------
  Melee: Dagger            |    94 |   193 |   223 ||   510
         Punch             |       |     4 |     1 ||     5
  Throw: Dart              |       |       |     3 ||     3
   Cast: Magic Dart        |    25 |    39 |    12 ||    76
         Scorch            |       |       |    10 ||    10
         Foxfire           |       |       |     3 ||     3
         Mephitic Cloud    |       |       |     2 ||     2
  Evoke: Wand              |       |     1 |     9 ||    10
    Use: Scroll            |     1 |    10 |     7 ||    18
         Potion            |       |     3 |       ||     3
   Stab: Sleeping          |     4 |     6 |       ||    10
 Armour: Robe              |    16 |    34 |    54 ||   104
         Skin              |       |    11 |       ||    11
  Dodge: Dodged            |    93 |   117 |   170 ||   380

Table legend: (Time is in decaauts)
 A = Elapsed time spent in this place.
 B = Non-inter-level travel time spent in this place.
 C = Inter-level travel time spent in this place.
 D = Time resting spent in this place.
 E = Time spent auto-exploring this place.
 F = Levels seen in this place.
 G = Mean time per level.
                   A        B        C        D        E       F      G
               +--------+--------+--------+--------+--------+-----+--------+
         Total |  10946 |  10629 |    317 |   4813 |   3859 |   8 | 1368.2 |
       Dungeon |  10793 |  10476 |    317 |   4813 |   3755 |   7 | 1541.9 |
        Temple |    152 |    152 |      0 |      0 |    104 |   1 |  152.0 |
               +--------+--------+--------+--------+--------+-----+--------+

Top non-repeatable levels by time:
     D:6: 2380 daAuts
     D:5: 2188 daAuts
     D:1: 2029 daAuts
     D:3: 1838 daAuts
     D:4: 1385 daAuts
     D:2: 709 daAuts
     D:7: 262 daAuts
  Temple: 152 daAuts
